 Dungeon Crawl Stone Soup version 0.28.0 (webtiles) character file.

Game seed: 16745420342621431942

30 Descartes the Vandal (level 3, -1/24 HPs)
             Began as a Formicid Wanderer on Feb 6, 2022.
             Slain by a worm (3 damage)
             ... on level 2 of the Dungeon.
             The game lasted 00:03:33 (2061 turns).

Descartes the Vandal (Formicid Wanderer)            Turns: 2061, Time: 00:03:33

Health: -1/24      AC:  3    Str: 13    XL:     3   Next: 37%
Magic:  5/5        EV: 10    Int: 14    God:
Gold:   68         SH:  4    Dex: 12    Spells: 4/5 levels left

rFire   . . .      SeeInvis +   b - +0 club
rCold   . . .      Faith    .   c - +0 buckler
rNeg    . . .      Spirit   .   d - +0 leather armour
rPois   .          Reflect  .   (helmet unavailable)
rElec   .          Harm     .   (no cloak)
rCorr   .          Rampage  .   (no gloves)
Will    .....                   (no boots)
Stlth   ++........              (no amulet)
HPRegen 0.08/turn               (no ring)
MPRegen 0.09/turn               (no ring)

@: no status effects
A: permanent stasis, dig shafts and tunnels, antennae 3, four strong arms
a: Dig, Shaft Self


You were on level 2 of the Dungeon.
You visited 1 branch of the dungeon, and saw 2 of its levels.

You collected 68 gold pieces.

Inventory:

Hand Weapons
 a - a +2 hunting sling
 b - a +0 club (weapon)
Missiles
 f - 19 sling bullets
 i - 3 stones (quivered)
Armour
 c - a +0 buckler (worn)
 d - a +0 leather armour (worn)
Scrolls
 e - 2 scrolls of enchant armour {unknown}
 h - a scroll of enchant weapon {unknown}
Potions
 g - a potion of heal wounds {unknown}
 j - a potion of resistance {unknown}
 k - a potion of mutation {unknown}


   Skills:
 + Level 4.5 Slings
 + Level 1.6 Armour
 + Level 1.7 Stealth
 + Level 2.7 Shields
 + Level 1.5 Spellcasting
 + Level 0.3 Translocations
 + Level 1.5 Transmutations


You had 4 spell levels left.
You knew the following spells:

 Your Spells              Type           Power      Damage    Failure   Level
a - Beastly Appendage     Tmut           10%        N/A       21%         1

Your spell library contained the following spells:

 Spells                   Type           Power      Damage    Failure   Level
 Wereblood                Tmut           5%         N/A       30%         2
 Spider Form              Tmut/Pois      3%         N/A       63%         3


Dungeon Overview and Level Annotations

Branches:
Dungeon (2/15)

Altars:

Shops:
D:1 [   D:2 :


Innate Abilities, Weirdness & Mutations

You cannot be hasted, slowed, berserked, paralysed or teleported.
You can dig through walls and to a lower floor.
You have a pair of large antennae on your head. (SInv)
Your four strong arms can wield two-handed weapons with a shield.


Message History

The worm bites you.
You barely miss the worm.
The worm is moderately wounded.
The worm bites you.
You barely miss the worm.
The worm is moderately wounded.
The worm barely misses you.
You hit the worm.
The worm is heavily wounded.
You hit the worm.
The worm is heavily wounded.
The worm barely misses you.
You hit the worm.
The worm is heavily wounded.
The worm bites you!
You are too injured to fight recklessly!
You are too injured to fight recklessly!
You are too injured to fight recklessly!
You are too injured to fight recklessly!
You are too injured to fight recklessly!
You are too injured to fight recklessly!
You are too injured to fight recklessly!
You are too injured to fight recklessly!
You are too injured to fight recklessly!
You are too injured to fight recklessly!
You are too injured to fight recklessly!
You are too injured to fight recklessly!
You are too injured to fight recklessly!
You are too injured to fight recklessly!
You are too injured to fight recklessly!
You hit the worm.
The worm is severely wounded.
The worm bites you!
* * * LOW HITPOINT WARNING * * *
You hit the worm.
The worm is severely wounded.
You hit the worm.
The worm is almost dead.
The worm bites you.
You die...

... ... .. #.. ..# #.#
#.. #.# ##.## #.# #.#
#... ..# #.# ##..# {
#.# #.# ...# { #w# #.#
#..# #@####.####..# #
#.##.........#####
#.###.##.#...........#
#.....................
###≈.≈##.#..###..###.#
#≈≈.≈≈#.#..# #..# #.#
#≈≈∩≈≈.....# #..###..
#≈≈≈≈≈#.#### #.......
##≈≈≈##.# ##.#####


You could see a worm.

Vanquished Creatures
  A dart slug (D:1)
  5 bats
  2 endoplasms (D:1)
  2 giant cockroaches (D:2)
  2 hobgoblins (D:1)
  4 jackals
  3 kobolds
  2 ball pythons (D:1)
  A frilled lizard (D:2)
  4 rats (D:1)
26 creatures vanquished.

Vanquished Creatures (others)
  A withered plant (D:2)
1 creature vanquished.

Grand Total: 27 creatures vanquished

Notes
Turn   | Place    | Note
-------+----------+-------------------------------------------
     0 | D:1      | Descartes the Formicid Wanderer began the quest for the
                  | Orb.
     0 | D:1      | Descartes set off with the following items: a +2 hunting
                  | sling, 20 sling bullets, a +0 buckler, a +0 leather armour;
                  | and the following spell memorised: Beastly Appendage; and
                  | the following spells available to memorise: Spider Form
     0 | D:1      | Reached XP level 1. HP: 13/13 MP: 2/2
    49 | D:1      | Found Gapyh's Antique Armour Emporium.
   492 | D:1      | Reached XP level 2. HP: 17/19 MP: 3/3
  1186 | D:1      | Reached XP level 3. HP: 12/24 MP: 5/5
  2041 | D:2      | Found Ming's Book Emporium.
  2061 | D:2      | Slain by a worm

Illustrated notes

Levels and vault maps discovered:
D:1:      ncdulo_lavacross, layout_loops_ring, serial_shops,
          nicolae_diamond_shop, minmay_tree_intersection
D:2:      layout_loops_ring, serial_shops, nicolae_shop_waterfront,
          ebering_ecumenical_altar_petrified, minmay_liquid_box,
          serial_bayou_pond_b

Action                   || total
-------------------------++-------
Melee: Club              ||   144
 Fire: Hunting sling     ||     8
 Stab: Sleeping          ||     3
Armor: Leather armour    ||    60
Dodge: Dodged            ||    88
Block: Buckler           ||    29
